 Dungeon Crawl Stone Soup version 0.28-a0-479-g5baa6b73be (webtiles) character file.

Game seed: 15766778112747181515

27 Dabor the Sneak (level 2, -1/13 HPs)
             Began as a Spriggan Enchanter on Sept 19, 2021.
             Was an Elder of Ignis.
             Slain by a kobold (2 damage)
             ... on level 1 of the Dungeon.
             The game lasted 00:01:44 (1258 turns).

Dabor the Sneak (Spriggan Enchanter)                Turns: 1258, Time: 00:01:45

Health: -1/13      AC:  2    Str:  4    XL:     2   Next: 93%
Magic:  6/6        EV: 17    Int: 16    God:    Ignis [****..]
Gold:   27         SH:  0    Dex: 15    Spells: 6/6 levels left

rFire   + . .      SeeInvis +   a - +1 dagger
rCold   . . .      Faith    .   (shield restricted)
rNeg    . . .      Spirit   .   b - +0 robe
rPois   .          Reflect  .   (helmet restricted)
rElec   .          Harm     .   (no cloak)
rCorr   .          Rampage  .   (gloves unavailable)
Will    .....                   (boots unavailable)
Stlth   +++.......              (no amulet)
HPRegen 0.04/turn               (no ring)
MPRegen 0.10/turn               (no ring)

@: very quick
A: very small, no large weapons, unfitting armour, see invisible, speed 3
a: Renounce Religion, Sea of Fire, Foxfire Swarm, Rising Flame


You were on level 1 of the Dungeon.
You worshipped Ignis.
Ignis was greatly pleased with you.
You visited 1 branch of the dungeon, and saw 1 of its levels.

You collected 27 gold pieces.

Inventory:

Hand Weapons
 a - a +1 dagger (weapon)
Missiles
 d - 58 stones (quivered)
Armour
 b - a +0 robe (worn)
Potions
 c - a potion of invisibility
 e - a potion of heal wounds {unknown}


   Skills:
 + Level 0.3 Fighting
 * Level 1.7 Short Blades
 * Level 3.3 Dodging
 * Level 4.9 Stealth
 + Level 2.9 Spellcasting
 + Level 3.8 Hexes


You had 6 spell levels left.
You didn't know any spells.
Your spell library contained the following spells:

 Spells                   Type           Power      Damage    Failure   Level
 Confusing Touch          Hex            14%        N/A       12%         3
 Tukima's Dance           Hex            14%        N/A       12%         3
 Ensorcelled Hibernation  Hex/Ice        16%        N/A       13%         2
 Dazzling Flash           Conj/Hex       16%        N/A       26%         3


Dungeon Overview and Level Annotations

Branches:
Dungeon (1/15)

Altars:
Ignis


Innate Abilities, Weirdness & Mutations

You are very small and have problems with some larger weapons.
You are too small for most types of armour.
You have supernaturally acute eyesight. (SInv)
You cover ground extremely quickly. (Speed+++)


Message History

No reachable target in view!
A bat is nearby! 2 kobolds come into view.
Found a short glowing staff and 9 gold pieces.
A frilled lizard comes into view.
Found a robe.
The bat barely misses you. The bat hits you.
You closely miss the bat. The bat barely misses you. The bat barely misses you.
The frilled lizard hisses angrily.
The bat misses you. The bat hits you.
You hit the bat.
The bat is moderately wounded.
The bat misses you. The bat hits you.
The kobold shouts!
You hit the bat but do no damage.
The bat is moderately wounded.
The bat misses you.
The kobold throws a stone.
The stone misses you.
The kobold shouts!
You hit the bat.
You kill the bat!
You hit the kobold but do no damage.
The kobold hits you with a +0 short sword.
You hit the kobold but do no damage. The frilled lizard misses you.
The kobold hits you with a +0 short sword.
You are too injured to fight recklessly!
You are too injured to fight recklessly!
You closely miss the frilled lizard. The frilled lizard bites you.
You hit the frilled lizard.
You kill the frilled lizard!
You hit the kobold but do no damage. The kobold completely misses you.
You barely miss the kobold. The kobold barely misses you.
You hit the kobold.
You kill the kobold!
The kobold barely misses you.
You hit the kobold but do no damage. The kobold barely misses you.
You closely miss the kobold. The kobold hits you with a +0 whip.
* * * LOW HITPOINT WARNING * * *
You hit the kobold but do no damage. The kobold hits you with a +0 whip.
You die...

##.##.....# #.#....###
......†.#.# ##......#
.##.###.##.###.###.....# #
###.##.# #....# #^#.#.#
#.#..|#..#####).###.^.#8#
..#$..#..........#######
.##†###.########.# #.#..
#..###.##.# ##.###.#..
#[......)@# #####...##.#..
#....#.#K###..............
#........# #.#.......#.#..
#######... #.......#....
#.... .........#....
#...##.#............
######.#............
#...........#
#.......##...


You could see a kobold.

Vanquished Creatures
  A dart slug (D:1)
  3 endoplasms (D:1)
  A giant cockroach (D:1)
  A hobgoblin (D:1)
  A quokka (D:1)
  3 ball pythons (D:1)
  3 bats (D:1)
  2 frilled lizards (D:1)
  6 kobolds (D:1)
  5 rats (D:1)
26 creatures vanquished.

Vanquished Creatures (others)
  10 foxfires (D:1)
10 creatures vanquished.

Grand Total: 36 creatures vanquished

Notes
Turn   | Place    | Note
-------+----------+-------------------------------------------
     0 | D:1      | Dabor the Spriggan Enchanter began the quest for the Orb.
     0 | D:1      | Reached XP level 1. HP: 9/9 MP: 5/5
   454 | D:1      | Reached XP level 2. HP: 9/13 MP: 6/6
   566 | D:1      | Found a faded altar of an unknown god.
   580 | D:1      | Became a worshipper of Ignis, the Dying Flame
  1258 | D:1      | Slain by a kobold

Illustrated notes

Levels and vault maps discovered:
D:1:      dpeg_arrival_leaves_temple_mockup, layout_loops_ring,
          shapermc_ecumenical_altar_mp_highgroup, minmay_pentomino_p4

Skill      XL: |  1  2 |
---------------+-------+-----
Dodging        | 3 |  3.3
Fighting       | |  0.3
Short Blades   | |  1.7
Stealth        | |  4.9
Spellcasting   | |  2.9
Hexes          | |  3.8

Action                   || total
-------------------------++-------
Melee: Dagger            ||    88
Throw: Stone             ||    10
Invok: Foxfire Swarm     ||     2
       Sea of Fire       ||     1
 Stab: Sleeping          ||     3
Armor: Robe              ||    13
Dodge: Dodged            ||    83

Table legend: (Time is in decaauts)
 A = Elapsed time spent in this place.
 B = Non-inter-level travel time spent in this place.
 C = Inter-level travel time spent in this place.
 D = Time resting spent in this place.
 E = Time spent auto-exploring this place.
 F = Levels seen in this place.
 G = Mean time per level.
                   A        B        C        D        E       F      G
               +--------+--------+--------+--------+--------+-----+--------+
         Total |   1119 |   1119 |      0 |    443 |    487 |   1 | 1119.0 |
       Dungeon |   1119 |   1119 |      0 |    443 |    487 |   1 | 1119.0 |
               +--------+--------+--------+--------+--------+-----+--------+

Top non-repeatable levels by time:
     D:1: 1119 daAuts
